 Dungeon Crawl Stone Soup version 0.31.0-9-g3a7656b989 (webtiles) character file.

Game seed: 15552700651768051195

406 qw the Shooter (level 6, -2/51 HPs)
             Began as a Demigod Hunter on Feb 2, 2024.
             Slain by a crocodile zombie (8 damage)
             ... in an ossuary.
             The game lasted 00:00:14 (2464 turns).

qw the Shooter (Demigod Hunter)                     Turns: 2464, Time: 00:00:15

Health: -2/51      AC: 11    Str: 12    XL:     6   Next: 30%
Magic:  0/8        EV: 12    Int: 11    God:
Gold:   218        SH:  0    Dex: 25    Spells: 5/5 levels left

rFire   . . .        a - +0 shortbow
rCold   . . .        (shield currently unavailable)
rNeg    . . .        e - +0 ring mail {Will+}
rPois   +            k - +2 helmet
rElec   .            (no cloak)
rCorr   .            (no gloves)
SInv    .            c - +2 pair of boots of Hoh Xiarool {rPois}
Will    +....        d - amulet of guardian spirit
Stlth   ++           (no ring)
HPRegen 0.28/turn    (no ring)
MPRegen 0.11/turn

%: guardian spirit
@: about to teleport
A: high MP 1, forlorn, divine attributes
a: no special abilities


You were in an ossuary.
You visited 1 branch of the dungeon, and saw 4 of its levels.
You also visited: Ossuary.

You collected 218 gold pieces.


Innate Abilities, Weirdness & Mutations

You have an increased reservoir of magic. (+10% MP)
You shall have no god before yourself.
Your divine heritage dramatically boosts your attributes as you level up.


   Skills:
 - Level 3.0 Fighting
 - Level 6.1 Ranged Weapons
 - Level 1.0 Armour
 + Level 2.9 Dodging
 - Level 0.8 Stealth


You had 5 spell levels left.
You didn't know any spells.
Your spell library was empty.

Inventory:

Hand Weapons
 a - a +0 shortbow (weapon)
Armour
 c - the +2 pair of boots of Hoh Xiarool (worn) {rPois}
   (You acquired it on level 1 of the Dungeon)

   rPois:     It protects you from poison
 e - a +0 ring mail of willpower (worn)
 k - a +2 helmet (worn)
Jewellery
 d - an amulet of guardian spirit (around neck)
 j - a ring of fire
Wands
 n - a wand of flame (26)
Potions
 b - a potion of magic {unknown}
 g - a potion of resistance
 i - a potion of curing
 m - a potion of enlightenment {unknown}
 o - a potion of heal wounds {unknown}

Dungeon Overview and Level Annotations

Branches:
Dungeon (4/15)            Ossuary (1/1)
 Temple: D:4-7

Shops:
D:3 :


Message History

The centaur zombie closely misses you.
The crocodile zombie completely misses you.
You shoot an arrow. The arrow hits the crocodile zombie.
The crocodile zombie is heavily damaged.
The centaur zombie hits you. The centaur zombie barely misses you.
The adder zombie misses you.
The crocodile zombie bites you but does no damage.
The centaur zombie hits you but does no damage.
The centaur zombie barely misses you. The adder zombie misses you.
You shoot an arrow. The arrow hits the crocodile zombie.
The crocodile zombie is severely damaged.
The centaur zombie hits you but does no damage.
The centaur zombie misses you. The crocodile zombie misses you.
The adder zombie misses you.
You shoot an arrow. The arrow hits the crocodile zombie.
The crocodile zombie is severely damaged.
The centaur zombie closely misses you. x2
The adder zombie bites you but does no damage.
The centaur zombie barely misses you. x2; The crocodile zombie bites you!
2462 ||| READING scroll of teleportation.
As you read the scroll of teleportation, it crumbles to dust.
You feel strangely unstable.
The adder zombie bites you but does no damage.
The centaur zombie hits you but does no damage.
The centaur zombie kicks you but does no damage.
The crocodile zombie misses you.
You shoot an arrow.
The arrow completely misses the crocodile zombie.
The centaur zombie barely misses you. The centaur zombie closely misses you.
The adder zombie bites you but does no damage.
The crocodile zombie bites you. The adder zombie closely misses you.
The centaur zombie closely misses you. x2
You shoot an arrow.
The arrow hits the crocodile zombie but does no damage.
The crocodile zombie is severely damaged.
The centaur zombie barely misses you.
The centaur zombie kicks you but does no damage.
The adder zombie bites you but does no damage.
The crocodile zombie bites you!
You die...

######################
#....................#
#....................#
#......########......#
#...+###.+ ####...#
#..#+...Z####.# ##..#
#..#....Z@....+ #..#
#..#'...Z####.# ##..#
#...'###.+ ####...#
#......########......#
#....................#
#....................#
#......########......#
#...#### #...###'...#
#..## #......'#..#


You could see an adder zombie, a crocodile zombie and a centaur zombie.

Vanquished Creatures
  A phantom (D:4)
  A burial acolyte (Ossuary)
  3 human zombies (Ossuary)
  An orc priest (D:4)
  An orc wizard (D:3)
  2 hound zombies (Ossuary)
  2 adders (D:4)
  3 adder zombies (Ossuary)
  A dart slug (D:2)
  5 orcs
  2 ball pythons
  5 bats
  7 endoplasms
  2 giant cockroaches (D:2)
  3 goblins
  5 hobgoblins
  3 jackals (D:4)
  7 quokkas
  7 ball python zombies (Ossuary)
  4 frilled lizards
  A gnoll zombie (Ossuary)
  3 jackal zombies (Ossuary)
  8 kobolds
  5 kobold zombies (Ossuary)
  An orc zombie (Ossuary)
  7 rats
90 creatures vanquished.

Notes
Turn   | Place    | Note
-------+----------+-------------------------------------------
     0 | D:1      | qw the Demigod Hunter began the quest for the Orb.
     0 | D:1      | Reached XP level 1. HP: 17/17 MP: 3/3
     0 | D:1      | 0 ||| qw: Version: 0.3-a-155-g5e7d8dd
     0 | D:1      | 0 ||| qw: Game counter: 404
     0 | D:1      | 0 ||| qw: Melee chars always use a shield: true
     0 | D:1      | 0 ||| qw: God list: Okawaru
     0 | D:1      | 0 ||| qw: Allow faded altars: false
     0 | D:1      | 0 ||| qw: Do Orc after clearing Dungeon:15 true
     0 | D:1      | 0 ||| qw: Do second Lair branch before Depths: true
     0 | D:1      | 0 ||| qw: Lair rune preference: random
     0 | D:1      | 0 ||| qw: Goals: Normal
     0 | D:1      | 0 ||| PLANNING D:1-11
   148 | D:1      | Reached skill level 4 in Ranged Weapons
   197 | D:1      | Reached XP level 2. HP: 24/24 MP: 4/4
   533 | D:1      | 533 ||| UPGRADING to +0 ring mail of willpower.
   543 | D:1      | 543 ||| DROPPING +0 leather armour.
   544 | D:1      | 544 ||| UPGRADING to +1 helmet.
   549 | D:1      | 549 ||| UPGRADING to amulet of guardian spirit.
   554 | D:1      | 554 ||| READING scroll labelled JUISMO SUSIOZU.
   554 | D:1      | 554 ||| IDENTIFYING sedimented cyan potion
   555 | D:1      | 555 ||| READING scroll labelled TEPTUPH TIGI.
   555 | D:1      | Identified a scroll of acquirement
   555 | D:1      | 555 ||| ACQUIRING +2 pair of boots of Hoh Xiarool {rPois}
   555 | D:1      | Acquired the +2 pair of boots of Hoh Xiarool {rPois}
   557 | D:1      | 557 ||| UPGRADING to +2 pair of boots of Hoh Xiarool
                  | {rPois}.
   562 | D:1      | 562 ||| DROPPING scroll of butterflies.
   563 | D:1      | 563 ||| DROPPING potion of lignification.
   868 | D:2      | Reached skill level 1 in Armour
   997 | D:2      | Reached XP level 3. HP: 29/29 MP: 5/5
  1321 | D:2      | 1321 ||| DROPPING scarf of shadows.
  1322 | D:2      | 1322 ||| READING scroll of identify.
  1322 | D:2      | 1322 ||| IDENTIFYING ruby potion
  1323 | D:2      | 1323 ||| READING scroll labelled IXZOEB NESE.
  1323 | D:2      | 1323 ||| ENCHANTING +1 helmet.
  1324 | D:2      | 1324 ||| READING 2 scrolls labelled XALEPSIS ARCHEM.
  1327 | D:2      | 1327 ||| DRINKING 2 red potions.
  1357 | D:3      | Found Utoekem's Book Shop.
  1455 | D:3      | Identified the +6 short sword "Rerraply" {flame, *Noise rN+
                  | MP+9 SInv}
  1463 | D:3      | Reached skill level 5 in Ranged Weapons
  1463 | D:3      | Reached XP level 4. HP: 33/36 MP: 4/6
  1719 | D:3      | 1719 ||| READING scroll of identify.
  1719 | D:3      | 1719 ||| IDENTIFYING sedimented blue potion
  1720 | D:3      | 1720 ||| READING scroll labelled QOSIN AFIE.
  1721 | D:3      | 1721 ||| READING scroll labelled ZAXKOU DOAS.
  1848 | D:4      | 1848 ||| PLANNING OSSUARY
  1887 | D:4      | 1887 ||| FLEEEEING.
  1888 | D:4      | 1888 ||| FLEEEEING.
  1890 | D:4      | 1890 ||| FLEEEEING.
  1891 | D:4      | 1891 ||| FLEEEEING.
  1893 | D:4      | 1893 ||| FLEEEEING.
  1894 | D:4      | 1894 ||| FLEEEEING.
  1895 | D:4      | 1895 ||| FLEEEEING.
  1896 | D:4      | 1896 ||| FLEEEEING.
  1897 | D:4      | 1897 ||| STAIRDANCE
  2047 | D:4      | Noticed a phantom
  2048 | D:4      | 2048 ||| DRINKING potion of haste.
  2054 | D:4      | Killed a phantom
  2055 | D:4      | Reached XP level 5. HP: 36/41 MP: 5/7
  2153 | D:4      | Reached skill level 6 in Ranged Weapons
  2187 | D:4      | Found a sand-covered staircase.
  2206 | Ossuary  | Entered an ossuary
  2310 | Ossuary  | Reached skill level 3 in Fighting
  2391 | Ossuary  | Reached XP level 6. HP: 51/51 MP: 8/8
  2436 | Ossuary  | 2436 ||| RETREEEEATING.
  2437 | Ossuary  | 2437 ||| RETREEEEATING.
  2442 | Ossuary  | 2442 ||| RETREEEEATING.
  2443 | Ossuary  | 2443 ||| RETREEEEATING.
  2444 | Ossuary  | 2444 ||| RETREEEEATING.
  2445 | Ossuary  | 2445 ||| RETREEEEATING.
  2461 | Ossuary  | HP: 10/51 [crocodile zombie (7)]
  2462 | Ossuary  | 2462 ||| READING scroll of teleportation.
  2464 | Ossuary  | Slain by a crocodile zombie

Levels and vault maps discovered:
D:1:      psy_arrival_fountain, layout_rooms, shapermc_ecumenical_altar_gd,
          serial_park_tiny_pond
D:2:      layout_basic
D:3:      layout_rooms, fedhas_altar_4, serial_shops,
          nicolae_shop_gibbet_a_chance, kennysheep_nondescript
D:4:      layout_gridville, slow_altar_2, gammafunk_temple_overflow_elements,
          nicolae_ossuary_entry_ruins, uniq_duvessa, uniq_blork_the_orc
Ossuary:  minmay_ossuary_two_tombs

Skill      XL: |  1  2  3  4  5 |
---------------+----------------+-----
Ranged Weapons | 4 5 6 |  6.1
Fighting       | 2 3 |  3.0
Armour         | 1 |  1.0
Dodging        | 2 |  2.9
Stealth        | |  0.8

Action                     |  1- 3 |  4- 6 || total
---------------------------+-------+-------++-------
   Fire: Shortbow          |   166 |   202 ||   368
    Use: Scroll            |     5 |     4 ||     9
         Potion            |     1 |     1 ||     2
 Armour: Leather armour    |    16 |       ||    16
         Ring mail         |    32 |   204 ||   236
  Dodge: Dodged            |    44 |   203 ||   247

Table legend:
 A = Non-vault XP
 B = Vault XP
 C = Vault XP percentage of total XP
 D = Non-vault monster count
 E = Vault monster count
 F = Vault count percentage of total count
                 A         B        C        D         E       F
            +---------+---------+-------+---------+---------+-------
      Total |     308 |     273 |  47.0 |      64 |      26 |  28.9
            +---------+---------+-------+---------+---------+-------
        D:1 |      28 |       0 |   0.0 |      18 |       0 |   0.0
        D:2 |      35 |       0 |   0.0 |      20 |       0 |   0.0
        D:3 |      60 |       0 |   0.0 |      13 |       0 |   0.0
        D:4 |     185 |       0 |   0.0 |      13 |       0 |   0.0
    Ossuary |       0 |     273 | 100.0 |       0 |      26 | 100.0
            +---------+---------+-------+---------+---------+-------
